 Dungeon Crawl Stone Soup version 0.19-a0-957-gf4ea323 (webtiles) character file.

1191 HAL9000 the Ruffian (level 8, -6/66 HPs)
             Began as a Black Draconian Transmuter on July 10, 2016.
             Mangled by a vampire (12 damage)
             ... on level 6 of the Dungeon.
             The game lasted 00:10:48 (5798 turns).

HAL9000 the Ruffian (Black Draconian Transmuter)    Turns: 5798, Time: 00:10:49

Health: -6/66      AC:  2    Str: 13    XL:     8   Next: 20%
Magic:  8/11       EV: 19    Int: 16    God:
Gold:   383        SH:  0    Dex: 16    Spells: 4 memorised, 0 levels left

rFire  . . .     SeeInvis .       - Unarmed
rCold  . . .     Gourm    .     (armour unavailable)
rNeg   + . .     Faith    .     (shield currently unavailable)
rPois  x         Spirit   .     (helmet currently unavailable)
rElec  .         Dismiss  .     (cloak currently unavailable)
rCorr  .         Reflect  .     (gloves currently unavailable)
SustAt .         Harm     .     (boots currently unavailable)
MR     .....                    C - amulet of rage
Stlth  +.........               (no ring)
                                A - ring of positive energy

@: spider-form (expiring), not resistant to hostile enchantments, very
unstealthy
A: (breathe lightning), unfitting armour, (electricity resistance),
(cold-blooded), AC +6
a: End Transformation, Evoke Berserk Rage


You were on level 6 of the Dungeon.
You were hungry.
You were a venomous arachnid creature.
You visited 1 branch of the dungeon, and saw 6 of its levels.

You collected 383 gold pieces.

Inventory:

Missiles
 a - 31 arrows
 z - 8 javelins (quivered)
Armour
 k - a +0 pair of boots (melded)
Jewellery
 A - a ring of positive energy (left front leg)
 C - an amulet of rage (around neck)
Scrolls
 d - 2 scrolls of teleportation {unknown}
 e - a scroll of noise {unknown}
 g - 3 scrolls of fog
 h - 2 scrolls of identify {unknown}
 i - 2 scrolls of recharging {unknown}
 o - a scroll of magic mapping {unknown}
 p - 2 scrolls of remove curse {unknown}
 y - a scroll of random uselessness {unknown}
Potions
 q - 2 potions of curing {unknown}
 r - a potion of ambrosia {unknown}
 s - a potion of flight {unknown}
 t - a potion of agility
 v - 3 potions of heal wounds
 w - a potion of brilliance {unknown}
 x - a potion of beneficial mutation {unknown}
Books
 b - a book of Changes

   Spells                             Type                      Level
   a - Beastly Appendage              Transmutation                1
   b - Sticks to Snakes               Transmutation                2
   c - Spider Form                    Transmutation/Poison         3
   d - Ice Form                       Ice/Transmutation            4
   e - Blade Hands                    Transmutation                5
Comestibles
 c - 4 bread rations
 m - 2 slices of pizza
 n - a beef jerky
 B - a chunk of flesh


   Skills:
 + Level 4.1 Fighting
 - Level 1.7 Dodging
 + Level 7.2 Unarmed Combat
 - Level 2.0 Spellcasting
 + Level 6.5 Transmutations


You couldn't memorise any spells.
You knew the following spells:

 Your Spells              Type           Power        Failure   Level  Hunger
a - Beastly Appendage     Tmut           ###...       6%          1    #......
b - Sticks to Snakes      Tmut           ###.....     8%          2    ###....
c - Spider Form           Tmut/Pois      ##........   36%         3    ###....
d - Blade Hands           Tmut           ###.......   61%         5    ######.


Dungeon Overview and Level Annotations

Branches:
Dungeon (6/15)
 Temple: D:4-7

Altars:
Kikubaaqudgha
Nemelex Xobeh
Trog
Yredelemnul


Innate Abilities, Weirdness & Mutations

((You can breathe wild blasts of lightning.))
((Your glossy black scales are hard. (AC +6)))
Your body does not fit into most forms of armour.
((You are resistant to electric shocks. (rElec)))
((You are cold-blooded and may be slowed by cold attacks.))


Message History

Something is infused with unholy energy, but nothing happens.
You hit something.
Your transformation is almost over.
Something is infused with unholy energy, but nothing happens.
You hit something but do no damage. You barely miss something.
Something is infused with unholy energy, but nothing happens.
You hit something but do no damage. Something closely misses you.
Something barely misses you.
You barely miss something. Something hits you! Something bites you.
You hit something.
You hear some strange, mumbled words.
Something tries to affect you, but you resist.
You hit something. Something hits you!
* * * LOW HITPOINT WARNING * * *
Something closely misses you.
You closely miss something. Something hits you!
* * * LOW HITPOINT WARNING * * *
Something bites you!
You die...

#.######.........>.....#####
#..........#.##.............
########................###.
###...##......†..# #.
#...###.......## #. #...#
##.>...## #. #...# ##....#
## #...# ####.# # #.s.# #.#
# #.!{# #.# # ....... . #.#
#### ...........<. # #..)
................#. #.##
####.#...#.#......###.##
#.#...#.#.##.......##
#.#...#.# ##.......##
##.#.##.##


There were no monsters in sight!

Vanquished Creatures
  Sigmund (D:4)
  Menkaure (D:4)
  2 sky beasts (D:4)
  An ogre (D:6)
  A centaur (D:5)
  A scorpion (D:4)
  A crimson imp (D:5)
  An orc priest (D:6)
  A hound (D:4)
  A jelly (D:5)
  3 orc wizards
  Ijyb (D:2)
  4 worker ants
  A hound zombie (D:5)
  8 gnolls
  7 adders
  A worm (D:4)
  3 dart slugs
  3 giant geckos
  13 orcs
  4 giant cockroaches
  7 goblins
  6 hobgoblins
  2 jackals (D:4)
  3 quokkas
  A ball python (D:3)
  10 bats
  5 giant newts
  A jackal skeleton (D:5)
  5 kobolds
  5 rats
104 creatures vanquished.

Vanquished Creatures (collateral kills)
  An adder (D:2)
  2 orcs (D:4)
3 creatures vanquished.

Grand Total: 107 creatures vanquished

Notes
Turn   | Place    | Note
-------+----------+-------------------------------------------
     0 | D:1      | HAL9000 the Draconian Transmuter began the quest for the Orb.
     0 | D:1      | Reached XP level 1. HP: 16/16 MP: 3/3
   339 | D:1      | Reached XP level 2. HP: 22/23 MP: 1/5
   343 | D:1      | Learned a level 2 spell: Sticks to Snakes
  1178 | D:2      | Reached XP level 3. HP: 25/28 MP: 4/6
  1185 | D:2      | Learned a level 3 spell: Spider Form
  1365 | D:2      | Reached skill level 4 in Unarmed Combat
  1376 | D:2      | Found a basalt altar of Yredelemnul.
  1425 | D:2      | Found an ancient bone altar of Kikubaaqudgha.
  1454 | D:2      | Reached XP level 4. HP: 31/35 MP: 5/7
  1515 | D:2      | Noticed Ijyb
  1535 | D:2      | Killed Ijyb
  2395 | D:3      | Reached XP level 5. HP: 40/40 MP: 8/8
  2465 | D:3      | Found a sparkling altar of Nemelex Xobeh.
  3203 | D:4      | Reached skill level 5 in Unarmed Combat
  3375 | D:4      | Noticed Sigmund
  3386 | D:4      | Killed Sigmund
  3386 | D:4      | Reached skill level 5 in Transmutations
  3386 | D:4      | Reached XP level 6. HP: 30/47 MP: 2/9
  3497 | D:4      | Noticed a sky beast
  3522 | D:4      | Killed a sky beast
  3522 | D:4      | Reached skill level 6 in Unarmed Combat
  3699 | D:4      | Your scales start taking on a glossy black colour.
  3699 | D:4      | Reached XP level 7. HP: 33/52 MP: 10/10
  3699 | D:4      | Gained mutation: You are resistant to electric shocks. (rElec) [Black Draconian growth]
  4089 | D:4      | Noticed Menkaure
  4129 | D:4      | Killed Menkaure
  4624 | D:4      | Found a bloodstained altar of Trog.
  4706 | D:5      | Entered Level 5 of the Dungeon
  5281 | D:5      | Reached XP level 8. HP: 53/63 MP: 11/11
  5333 | D:5      | Learned a level 5 spell: Blade Hands
  5457 | D:6      | Reached skill level 7 in Unarmed Combat
  5798 | D:6      | Mangled by a vampire

Vault maps used:
D:1:      matt_arrival_spirals, serial_bayou_ford_a
D:2:      nicolae_overflow_crystal_walls, lemuel_round_altar, uniq_iyjb
D:3:      minmay_wonky_spiral, nemelex_spade_bored_becter
D:4:      overflow_temple_1_default, portal_sewer_entry_d,
          serial_co_window_serial, co_window_paths_a,
          co_window_of_opportunity_a, co_window_corner_a, co_window_paths_b,
          co_window_paths_a, co_window_cross_1, co_window_broadway_a,
          co_window_broadway_a, co_window_unsneaky_path_a, co_window_broadway_b,
          co_window_corner_ca, co_window_broadway_b, co_window_corner_b,
          co_window_paths_e, glass_columns_a, glass_columns_b, glass_columns_b,
          first_bread, uniq_sigmund, uniq_menkaure
D:5:      minivault_19
D:6:      nicolae_overflow_hidden_temple

Skill      XL: |  1  2  3  4  5  6  7  8 |
---------------+-------------------------+-----
Transmutations | 3 5 6 |  6.5
Unarmed Combat | 4 5 6 7 |  7.2
Fighting       | 3 4 |  4.1
Dodging        | |  1.7
Spellcasting   | |  2.0

Action                   |  1- 3 |  4- 6 |  7- 9 || total
-------------------------+-------+-------+-------++-------
Melee: Unarmed           |   122 |   167 |   144 ||   433
       Tailslap          |    13 |    18 |     6 ||    37
       Kick              |     2 |       |       ||     2
       Headbutt          |     5 |    17 |    16 ||    38
       Punch             |       |     2 |       ||     2
 Cast: Beastly Appendage |    19 |    23 |    16 ||    58
       Sticks to Snakes  |     2 |    10 |     7 ||    19
       Spider Form       |       |     1 |     5 ||     6
 Abil: Breathe Lightning |       |       |     1 ||     1
  Use: Potion            |     3 |       |       ||     3
       Scroll            |       |     1 |     1 ||     2
 Stab: Sleeping          |     1 |       |       ||     1
       Distracted        |       |     1 |       ||     1
  Eat: Chunk             |     2 |     9 |     8 ||    19
Armor: Skin              |    55 |    62 |    34 ||   151
Dodge: Dodged            |   113 |   114 |    73 ||   300
